Zazza, neutral female human Tourist --------- -------- |.[.....| |.......# |........# |......|# |.......|# |......|# ------ ---|-----# -----.--r $$$$$. # # # @ $$$$$| ### # ### ff# .$$$$$+ # # # # |.$$$$$| # ### ### ##-.$$$$$| -------.---- # ---|-- -------- |..........| ### |...>| |..........| # |....| |.....<....| ##.....| |..........| |....| |..........| |....| |..........| |....| ------------ ------ Zazza the Rambler Experience level: 1 Strength: 5 Dexterity: 10 Constitution: 13 Intelligence: 15 Wisdom: 9 Charisma: 18 Health: 0(12) Energy: 2(2) Def: 0 Gold: 1322 Moves: 2387 Dungeon seed: ioS9zFxb3VkQz0OT Game ID: Zazza_1599673943 Your Inventory: Coins $ - 1322 gold pieces Weapons a - 34 +2 darts (in quiver) f - 4 cursed +0 arrows m - a cursed -2 bow n - a +1 orcish dagger (weapon in hand) o - a +0 scimitar q - a +0 dwarvish mattock F - a +0 orcish dagger H - a +0 scimitar Armor e - an uncursed +0 Hawaiian shirt (being worn) r - an uncursed +0 orcish helm I - an uncursed +0 orcish helm Y - a cursed +0 orcish helm Comestibles c - 8 uncursed food rations d - 2 uncursed carrots g - an uncursed tripe ration h - 2 uncursed pancakes i - 2 uncursed cloves of garlic Scrolls s - an uncursed scroll of identify v - an uncursed scroll of teleportation w - a cursed scroll of enchant weapon W - 3 uncursed scrolls of magic mapping Potions j - an uncursed potion of extra healing t - an uncursed potion of see invisible u - an uncursed potion of confusion x - 2 uncursed potions of water z - a blessed potion of gain energy A - a cursed potion of paralysis Rings B - an uncursed ring of searching C - an uncursed ring of levitation Wands E - a wand of probing (0:8) Tools k - an uncursed lock pick l - an expensive camera (0:87) M - an uncursed magic whistle O - a bag of tricks (0:14) P - an uncursed figurine of a hobbit Q - an uncursed stethoscope U - an uncursed mirror X - an uncursed towel Gems y - an uncursed fluorite stone L - an uncursed worthless piece of violet glass N - 2 uncursed worthless pieces of yellow glass Spells and supernatural/magical abilities: Name Level Category Fail Memory W - pray for help -- divine ? -- Your skills at the end: Fighting Skills Weapon Skills dart [Basic] Spellcasting Skills Final Attributes: You were nominally aligned. You are dead. Vanquished creatures: a rock mole an acid blob 2 hobgoblins 2 giant rats a cave spider a green mold a gnome 3 geckos 9 jackals 2 foxes 2 goblins 9 grid bugs 2 lichens 3 newts 39 creatures vanquished. Voluntary challenges: You were an atheist. You used a wielded weapon 4 times, starting on turn 435. You were a pacifist. You read items or engraved 6 times, starting on turn 28. You never genocided any monsters. You never polymorphed an object. You never changed form. You used no wishes. You never split a pudding. You never wrote Elbereth's name. You never violated your personal moral code. Dungeon overview: The Dungeons of Doom: levels 1 to 7 Level 1 a fountain a long staircase Level 2 Level 3 some fountains a long staircase Level 4 a hardware shop, a fountain, a sink Level 5 many fountains Level 6 some fountains stairs to Sokoban Level 7 <- You were here Sokoban: Level 5 stairs to The Dungeons of Doom History has recorded: On T:1 you entered the Dungeons of Doom to retrieve the Amulet of Yendor! On T:472 you reached level 2 of The Dungeons of Doom. On T:1044 you reached level 4 of The Dungeons of Doom. On T:1159 you reached level 5 of The Dungeons of Doom. On T:1288 you reached level 6 of The Dungeons of Doom. On T:2118 you reached level 4 of Sokoban. On T:2193 you reached level 7 of The Dungeons of Doom. Score breakdown: Gold: 543 ( 9305 points) Experience: 1 level ( 0 points) Exploration: 7 levels ( 14.29%) (10606 points) Discoveries: 7 items ( 2.35%) ( 4597 points) Valuables value: (no points given unless you survive) Artifact value: 0 ( 0 points) Variety of kills: 14 monsters ( 3.67%) ( 5750 points) Turncount: 2387 turns ( -262 points) Survival: died (score multiplied by 80%) Total score: 23996 Latest messages: You displace your kitten. Using your crude dagger you try to open the tin. You succeed in opening the tin. It contains some decaying green substance. You rebalance your load. Movement is difficult. Never mind. This fortune cookie is delicious! You finish eating the fortune cookie. This cookie has a scrap of paper inside. It reads: They say that some stones are much much heavier than others. Never mind. It is hit. You displace your kitten. You hear some noises. The rabid rat bites! (3x) You die... Final status: Aloha Zazza the Tourist, killed by a rabid rat... You died in The Dungeons of Doom on dungeon level 7 with 23996 points, and 1322 pieces of gold, after 2387 moves. You were level 1 with a maximum of 12 hit points when you died.